 Dungeon Crawl Stone Soup version 0.29.1-12-g30fa7ad0bf (webtiles) character file.

Game seed: 8836174384912085382

848 retardedninja the Trooper (level 8, -3/105 HPs)
             Began as a Hill Orc Fighter on Jan 6, 2023.
             Slain by Pikel
             ... wielding a +0 whip of electrocution
              (12 damage)
             ... on level 5 of the Dungeon.
             The game lasted 00:07:41 (5736 turns).

retardedninja the Trooper (Hill Orc Fighter)        Turns: 5736, Time: 00:07:42

Health: -3/105     AC: 15    Str: 21    XL:     8   Next: 1%
Magic:  0/8        EV:  6    Int: 14    God:
Gold:   321        SH:  5    Dex: 10    Spells: 7/7 levels left

rFire   . . .      SeeInvis .   a - +0 war axe
rCold   . . .      Faith    .   c - +0 buckler
rNeg    . . .      Spirit   +   q - +0 plate armour
rPois   .          Reflect  .   x - +0 helmet
rElec   .          Harm     .   F - +0 cloak
rCorr   .          Rampage  .   (no gloves)
Will    .....                   (no boots)
Stlth   ..........              y - amulet "Xestrot" {Spirit Int+6}
HPRegen 0.27/turn               (no ring)
MPRegen 0.11/turn               (no ring)

@: berserking, very quick
A: no striking features
a: no special abilities


You were on level 5 of the Dungeon.
You visited 1 branch of the dungeon, and saw 6 of its levels.

You collected 321 gold pieces.

Inventory:

Hand Weapons
 a - a +0 war axe (weapon)
Missiles
 B - a throwing net (quivered)
Armour
 c - a +0 buckler (worn)
 q - a +0 plate armour (worn)
 x - a +0 helmet (worn)
 F - a +0 cloak (worn)
Jewellery
 l - a ring of protection from cold
 y - the amulet "Xestrot" (around neck) {Spirit Int+6}
   (You found it on level 4 of the Dungeon)

   [amulet of guardian spirit]

   It causes incoming damage to be divided between your reserves of health and
   magic.
   Int:       It affects your intelligence (+6).
 E - a ring of magical power
Wands
 u - a wand of paralysis (15)
Scrolls
 b - a scroll of poison
 f - a scroll of enchant weapon {unknown}
 i - a scroll of vulnerability {unknown}
 k - a scroll of acquirement {unknown}
 m - a scroll of butterflies {unknown}
 s - a scroll of noise {unknown}
 t - a scroll of teleportation {unknown}
 w - 3 scrolls of immolation {unknown}
 D - a scroll of blinking {unknown}
Potions
 d - 2 potions of might
 g - 4 potions of heal wounds
 h - 2 potions of flight
 n - 2 potions of curing
 o - a potion of magic {unknown}
 p - 2 potions of attraction {unknown}
 r - a potion of brilliance {unknown}
 v - 2 potions of resistance {unknown}
 z - a potion of degeneration {unknown}
 A - a potion of haste {unknown}
 C - a potion of lignification {unknown}


   Skills:
 + Level 6.2 Fighting
 + Level 6.1 Axes
 + Level 5.7 Armour
 + Level 5.7 Shields
 + Level 1.0 Evocations


You had 7 spell levels left.
You didn't know any spells.
Your spell library contained the following spells:

 Spells                   Type           Power      Damage    Failure   Level
 Poisonous Vapours        Pois/Air       0%         N/A       100%        2
 Ignite Poison            Fire/Tmut/Pois 0%         N/A       100%        3
 Mephitic Cloud           Conj/Pois/Air  0%         N/A       100%        3
 Corpse Rot               Necr/Pois/Air  0%         N/A       100%        4
 Freezing Cloud           Conj/Ice/Air   0%         6-21      100%        5


Dungeon Overview and Level Annotations

Branches:
Dungeon (6/15)
 Temple: D:4-7

Altars:
Okawaru

Shops:
D:1 [*?(

Annotations:
D:5 Pikel


Message History

Pikel hits you with a +0 whip of electrocution.
The lemure hits you.
You miss Pikel.
Pikel is heavily wounded.
You miss the lemure. You barely miss the lemure. You block the lemure's attack.
You block Pikel's attack. The lemure hits you.
The lemure hits you but does no damage. Pikel hits you but does no damage.
The lemure hits you but does no damage.
You hit Pikel.
Pikel is heavily wounded.
You barely miss the lemure. x2; The lemure hits you but does no damage.
Pikel hits you but does no damage. You block the lemure's attack.
You hit Pikel but do no damage.
Pikel is heavily wounded.
You miss the lemure. You slash the lemure! The lemure hits you!
You block Pikel's attack. The lemure hits you but does no damage.
You barely miss Pikel.
Pikel is heavily wounded.
You closely miss the lemure. x2; The lemure hits you but does no damage.
You block Pikel's attack. You block the lemure's attack.
You hit Pikel.
Pikel is heavily wounded.
You barely miss the lemure. You slash the lemure!
The lemure hits you but does no damage.
Pikel hits you with a +0 whip of electrocution.
You are electrocuted!
* * * LOW HITPOINT WARNING * * *
The lemure hits you but does no damage.
A red film seems to cover your vision as you go berserk!
You feel yourself moving faster!
You feel mighty! The lemure barely misses you.
Pikel hits you with a +0 whip of electrocution!
* * * LOW HITPOINT WARNING * * *
You are electrocuted!
* * * LOW HITPOINT WARNING * * *
The lemure hits you but does no damage.
You slash Pikel!
Pikel is severely wounded.
You hit the lemure. You closely miss the lemure. The lemure closely misses you.
Pikel hits you but does no damage.
You are electrocuted!
You die...

#....)..# ##.......##
#.........# #.........#
#.........######
#.#######.#....#### #.#
####.#.......#
#.####K...........#####
#.#..5@................
#.####5.....###...#####
#.# #...........†#####
#.# #.................
#.# ##.##......#.#####
#.# #.#########.# # #.#
#.# #.# # #.#####.# #.#
# #.....#.# #.#####


You could see Pikel and 2 lemures.

Vanquished Creatures
  A black bear (D:4)
  2 lemures (D:5)
  2 phantoms (D:5)
  A necrophage (D:5)
  A scorpion (D:5)
  2 jellies (D:5)
  4 hounds (D:5)
  2 iguanas (D:5)
  3 orc wizards
  5 adders
  3 white imps (D:5)
  An ufetubus (D:5)
  2 worms
  5 dart slugs
  13 orcs
  4 bats
  7 endoplasms
  4 giant cockroaches
  10 goblins
  4 hobgoblins
  3 jackals (D:1)
  2 quokkas
  7 ball pythons
  5 frilled lizards
  11 kobolds
  6 rats
110 creatures vanquished.

Vanquished Creatures (others)
  2 plants (D:1)
2 creatures vanquished.

Grand Total: 112 creatures vanquished

Notes
Turn   | Place    | Note
-------+----------+-------------------------------------------
     0 | D:1      | retardedninja the Hill Orc Fighter began the quest for the
                  | Orb.
     0 | D:1      | Reached XP level 1. HP: 19/19 MP: 1/1
   192 | D:1      | Reached XP level 2. HP: 27/27 MP: 2/2
   211 | D:1      | Found a faded altar of an unknown god.
   261 | D:1      | Found Niqunt's Magic Scroll Shop.
   339 | D:1      | Found Unnegra's Weapon Emporium.
   465 | D:1      | Found Enudd's Assorted Antiques.
   519 | D:1      | Reached XP level 3. HP: 23/33 MP: 3/3
   897 | D:1      | Found Cadaneob's Armour Shoppe.
  1384 | D:2      | Reached XP level 4. HP: 35/40 MP: 4/4
  2717 | D:3      | Reached XP level 5. HP: 47/47 MP: 5/5
  3822 | D:4      | Identified the amulet "Xestrot" {Spirit Int+6}
  4335 | D:4      | Noticed a black bear
  4342 | D:4      | Killed a black bear
  4343 | D:4      | Reached skill level 5 in Fighting
  4343 | D:4      | Reached XP level 6. HP: 48/56 MP: 4/6
  4430 | D:5      | Entered Level 5 of the Dungeon
  4595 | D:5      | Reached skill level 5 in Axes
  4595 | D:5      | Reached skill level 5 in Armour
  4595 | D:5      | Reached skill level 5 in Shields
  4778 | D:5      | Reached XP level 7. HP: 52/61 MP: 4/7
  5074 | D:5      | Found an iron altar of Okawaru.
  5179 | D:5      | Reached skill level 1 in Evocations
  5179 | D:5      | Reached XP level 8. HP: 64/70 MP: 5/8
  5279 | D:5      | Identified the +4 hand axe of Wisdom {venom, +Blink Str+2
                  | Stlth+}
  5694 | D:6      | Noticed Pikel
  5736 | D:5      | Slain by Pikel

Illustrated notes

Levels and vault maps discovered:
D:1:      onia_arrival_pentagram, layout_basic,
          shapermc_ecumenical_altar_mp_ritualfount, serial_shops,
          nicolae_shop_hallway_plus, nicolae_shop_advertising_works
          [nicolae_subvault_shop_adworks], shop, shop
D:2:      layout_loops_ring
D:3:      layout_basic, nrook_mini_backslash
D:4:      layout_basic
D:5:      minmay_opposing_rooms, layout_basic, mainiacjoe_overflow_boulevard
D:6:      layout_basic, mainiacjoe_overflow_catwalk, kiku_gazebo_garden_becter,
          minmay_pentangle, uniq_pikel, uniq_menkaure, uniq_edmund

Skill      XL: |  1  2  3  4  5  6  7 |
---------------+----------------------+-----
Axes           | 3 4 5 6 |  6.1
Fighting       | 4 5 6 |  6.2
Shields        | 4 5 |  5.7
Armour         | 4 5 |  5.7
Evocations     | 1 |  1.0

Action                   |  1- 3 |  4- 6 |  7- 9 || total
-------------------------+-------+-------+-------++-------
Melee: War axe           |    69 |   186 |    69 ||   324
  Use: Scroll            |       |       |     5 ||     5
       Potion            |       |       |     1 ||     1
Armor: Scale mail        |    37 |    35 |       ||    72
       Plate armour      |       |   118 |    81 ||   199
Dodge: Dodged            |    39 |    54 |    33 ||   126
Block: Buckler           |    16 |    50 |    25 ||    91
